 Dungeon Crawl Stone Soup version 0.17-a0-737-gf0a300a (webtiles) character file.

2073 Ngotmuk the Shield-Bearer (level 9, -3/81 HPs)
             Began as a Deep Dwarf Fighter on Apr 25, 2015.
             Was a Believer of Ru.
             Slain by an orc warrior
             ... wielding a +0 war axe
              (17 damage)
             ... in a bailey.
             The game lasted 00:24:17 (5838 turns).

Ngotmuk the Shield-Bearer (Deep Dwarf Fighter)      Turns: 5838, Time: 00:24:18

Health: -3/81      AC:  8    Str: 24    XL:     9   Next: 6%
Magic:  12/12      EV: 11    Int:  8    God:    Ru [**....]
Gold:   316        SH: 11    Dex: 14    Spells: 0 memorised, 8 levels left

rFire  + . .     SeeInvis .     a - +0 war axe
rCold  . . .     Clarity  .     A - +2 leather armour of Ykeurr {rF+ rN+}
rNeg   + . .     SustAb   .     c - +0 shield
rPois  .         Gourm    .     v - +0 helmet
rElec  .         Spirit   .     q - +0 cloak
rCorr  .         Warding  .     (no gloves)
rMut   .         Stasis   .     (no boots)
MR     ++...                    (no amulet)
Stlth  +++.......               j - +2 ring of dexterity
                                B - ring of protection from magic

@: non-regenerating, very resistant to hostile enchantments, fairly stealthy
A: damage resistance, recharge devices, sense surroundings 2, slow healing 3,
hated by all, no fire magic, no hexes magic, no translocations magic
a: Device Recharging, Renounce Religion


You were in a bailey.
You worshipped Ru.
Ru was pleased with you.
You were not hungry.

You visited 1 branch of the dungeon, and saw 7 of its levels.
You also visited: Bailey.

You collected 316 gold pieces.

Inventory:

Hand weapons
 a - a +0 war axe (weapon)
Missiles
 I - 3 poisoned tomahawks (quivered)
Armour
 c - a +0 shield (worn)
 q - a +0 cloak (worn)
 v - a +0 helmet (worn)
 A - the +2 leather armour of Ykeurr (worn) {rF+ rN+}
   (You found it on level 4 of the Dungeon)

   It protects you from fire.
   It protects you from negative energy.
Jewellery
 j - a +2 ring of dexterity (right hand)
 B - a ring of protection from magic (left hand)
Magical devices
 e - a wand of heal wounds (1)
 g - a wand of teleportation (5)
 t - a wand of fireball (7)
Scrolls
 h - 2 scrolls of identify
 k - 4 scrolls of teleportation
 l - 4 scrolls of remove curse
 m - 3 scrolls of magic mapping
 p - a scroll of recharging
 u - a scroll of holy word {unknown}
 y - 5 scrolls of enchant weapon
 z - a scroll of blinking
 C - a scroll of amnesia
 G - 2 scrolls of immolation {unknown}
Potions
 d - a potion of might
 i - 2 potions of ambrosia {unknown}
 n - 2 potions of flight {unknown}
 o - 2 potions of heal wounds {unknown}
 r - 2 potions of mutation {unknown}
 s - a potion of brilliance {unknown}
 w - 4 potions of curing {unknown}
 D - a potion of poison {unknown}
 E - a potion of resistance {unknown}
Comestibles
 b - a meat ration
 f - 5 bread rations


   Skills:
 + Level 5.3 Fighting
 + Level 5.7 Axes
 + Level 6.2 Armour
 + Level 2.8 Dodging
 + Level 5.3 Stealth
 + Level 6.4 Shields
 + Level 5.0 Evocations


You had 8 spell levels left.
You didn't know any spells.

Dungeon Overview and Level Annotations

Branches:
Dungeon (7/15)
 Temple: D:4-7

Altars:
Ashenzari
Elyvilon
Fedhas
Nemelex Xobeh
Qazlal
Ru
Vehumet
Xom
Yredelemnul

Annotations:
D:6 Prince Ribbit


Innate Abilities, Weirdness & Mutations

You are resistant to damage.
You can recharge devices by infusing magical energy.
You passively map the area around you.
You do not heal naturally.
You are hated by all.
You cannot study or cast Fire magic.
You cannot study or cast Hexes magic.
You cannot study or cast Translocations magic.


Message History

The orc warrior is moderately wounded.
You block the orc warrior's attack. The orc warrior barely misses you.
Evoke which item? (* to show all) (? for menu, Esc to quit)
Zapping:
e - a wand of heal wounds (2)
Press: ? - help, Shift-Dir - straight line, f - you You feel much better.
This wand has 1 charge left.
The orc warrior hits you with a war axe!!
* * * LOW HITPOINT WARNING * * *
You hit the orc warrior.
The orc warrior is severely wounded.
You hit the orc warrior.
The orc warrior is heavily wounded.
You block the orc warrior's attack. The orc warrior closely misses you.
You barely miss the orc warrior.
The orc warrior is severely wounded.
You closely miss the orc warrior.
The orc warrior is heavily wounded.
You block the orc warrior's attack.
The orc warrior hits you with a war axe!!
You die...

♣♣.♣.♣♣♣ ###.#'#, ,
♣......♣♣###.....### * *
♣♣......##.........## ,,
♣♣.......#...........#,
, ,,
♣........'...........#,,
, ,
♣♣..∩.∩.)).)...⌠)....# ,
, ♣.......)).).........#
, , ,
♣♣.......#...........#,
, ,,,
♣♣......##....@o)..###
♣.....♣♣♣###...oo###.###
## ♣♣♣.♣♣♣
###.#)#.o...### ###. ♣♣♣
###o........###...
#...........#....
#...........#....
#.....⌠....)#....
#...........)....
#...........#....


You could see 2 orc warriors and 2 orcs.

Vanquished Creatures
  A hippogriff (D:7)
  2 hungry ghosts (D:7)
  A water moccasin (D:6)
  An ice beast (D:5)
  4 ogres
  2 orc warriors (Bailey)
  A centaur (D:6)
  A giant frog (D:6)
  A scorpion (D:5)
  6 killer bees (D:5)
  A centaur zombie (D:5)
  A jelly (D:5)
  2 worker ants (D:5)
  A centaur skeleton (D:5)
  2 iguanas (D:6)
  5 gnolls (Bailey)
  6 adders
  A shadow imp (D:6)
  An ooze (D:7)
  An adder zombie (D:5)
  2 worms
  6 giant geckos
  8 orcs
  A ball python (D:1)
  A bat skeleton (D:5)
  2 giant cockroaches
  14 hobgoblins
  14 jackals
  3 quokkas
  10 bats
  2 giant gecko skeletons (D:6)
  5 giant newts
  28 goblins
  14 kobolds
  2 quokka zombies
  12 rats
165 creatures vanquished.

Vanquished Creatures (others)
  An ogre (D:6)
1 creature vanquished.

Grand Total: 166 creatures vanquished

Notes
Turn   | Place    | Note
--------------------------------------------------------------
     0 | D:1      | Ngotmuk, the Deep Dwarf Fighter, began the quest for the Orb.
     0 | D:1      | Reached XP level 1. HP: 20/20 MP: 1/1
   239 | D:1      | Reached XP level 2. HP: 25/27 MP: 2/2
   912 | D:1      | Reached XP level 3. HP: 27/34 MP: 3/3
  1986 | D:3      | Found a blossoming altar of Fedhas.
  2483 | D:3      | Noticed an ogre
  2496 | D:3      | Reached XP level 4. HP: 25/42 MP: 4/4
  2501 | D:3      | Killed an ogre
  2501 | D:3      | Reached skill level 4 in Armour
  2501 | D:3      | Reached XP level 5. HP: 26/49 MP: 5/5
  2905 | D:4      | Found a sparkling altar of Nemelex Xobeh.
  2913 | D:4      | Found a sacrificial altar of Ru.
  2913 | D:4      | Found a shattered altar of Ashenzari.
  2914 | D:4      | Found a shimmering altar of Xom.
  2917 | D:4      | Found a stormy altar of Qazlal.
  2922 | D:4      | Became a worshipper of Ru the Awakened
  3139 | D:4      | Got a scorched leather armour
  3150 | D:4      | Identified the +2 leather armour of Ykeurr {rF+ rN+} (You found it on level 4 of the Dungeon)
  3413 | D:5      | Entered Level 5 of the Dungeon
  3596 | D:5      | Reached skill level 1 in Stealth
  3642 | D:5      | Noticed an ogre
  3657 | D:5      | Killed an ogre
  3657 | D:5      | Reached skill level 1 in Evocations
  3657 | D:5      | Reached XP level 6. HP: 20/57 MP: 6/6
  3703 | D:5      | Noticed an ice beast
  3720 | D:5      | Killed an ice beast
  3946 | D:5      | Reached skill level 5 in Shields
  3946 | D:5      | Reached XP level 7. HP: 31/64 MP: 8/8
  4000 | D:5      | Found a white marble altar of Elyvilon.
  4045 | D:5      | Gained mutation: You cannot study or cast Fire magic. [Ru sacrifice]
  4045 | D:5      | Gained mutation: You cannot study or cast Hexes magic. [Ru sacrifice]
  4045 | D:5      | Gained mutation: You cannot study or cast Translocations magic. [Ru sacrifice]
  4045 | D:5      | Acquired Ru's first power
  4099 | D:5      | Reached skill level 5 in Armour
  4247 | D:5      | Noticed an ogre
  4250 | D:5      | Killed an ogre
  4578 | D:6      | Noticed Prince Ribbit
  4677 | D:6      | Reached XP level 8. HP: 40/73 MP: 10/10
  4938 | D:6      | Reached skill level 5 in Axes
  4938 | D:6      | Reached skill level 1 in Dodging
  5322 | D:7      | Found a basalt altar of Yredelemnul.
  5355 | D:7      | Reached skill level 5 in Fighting
  5355 | D:7      | Reached skill level 6 in Shields
  5500 | D:7      | Reached skill level 5 in Stealth
  5514 | D:7      | Found a radiant altar of Vehumet.
  5554 | D:7      | Found a flagged portal.
  5583 | Bailey   | Entered a bailey
  5748 | Bailey   | Gained mutation: You passively map the area around you. [Deep Dwarf growth]
  5748 | Bailey   | Reached XP level 9. HP: 39/81 MP: 12/12
  5767 | Bailey   | Gained mutation: You are hated by all. [Ru sacrifice]
  5767 | Bailey   | Acquired Ru's second power
  5781 | Bailey   | Reached skill level 5 in Evocations
  5838 | Bailey   | Slain by an orc warrior

Action                   |  1- 3 |  4- 6 |  7- 9 || total
-------------------------+-------+-------+-------++-------
Melee: War axe           |   151 |   130 |   342 ||   623
Invok: Sacrifice Arcana  |       |       |     1 ||     1
       Sacrifice Love    |       |       |     1 ||     1
Evoke: Wand              |       |     2 |    39 ||    41
  Use: Scroll            |       |       |    12 ||    12
 Stab: Sleeping          |       |     1 |     3 ||     4
       Distracted        |       |       |     1 ||     1
  Eat: Meat ration       |     1 |     1 |     2 ||     4
       Beef jerky        |       |       |     1 ||     1
